 Dungeon Crawl Stone Soup version 0.25.0-9-g26727b657a (webtiles) character file.

Game seed: 16706858851016796577

806 Flugkiller the Chopper (level 7, -4/67 HPs)
             Began as a Deep Dwarf Fighter on June 22, 2020.
             Slain by Crazy Yiuf
             ... wielding a +4 quarterstaff of chaos
              (8 damage)
             ... while petrified by Crazy Yiuf
             ... on level 4 of the Dungeon.
             The game lasted 00:01:18 (1669 turns).

Flugkiller the Chopper (Deep Dwarf Fighter)         Turns: 1669, Time: 00:01:19

Health: -4/67      AC: 11    Str: 22    XL:     7   Next: 60%
Magic:  1/7        EV:  2    Int:  8    God:
Gold:   121        SH:  0    Dex: 12    Spells: 6/6 levels left

rFire    . . .     SeeInvis .   a - +0 war axe
rCold    . . .     Gourm    .   c - +0 kite shield
rNeg     + + +     Faith    .   b - +0 scale mail
rPois    ∞         Spirit   .   (no helmet)
rElec    .         Reflect  .   (no cloak)
rCorr    .         Harm     .   (no gloves)
MR       +....                  (no boots)
Stlth    ..........             (no amulet)
HPRegen  0.00/turn              p - +4 ring of protection
MPRegen  0.10/turn              (no ring)

@: petrified, very slightly contaminated, non-regenerating, invisible
A: damage resistance, heal wounds, sense surroundings 1, no regeneration
a: Heal Wounds


You were on level 4 of the Dungeon.
You were not hungry.

You visited 2 branches of the dungeon, and saw 5 of its levels.

You collected 121 gold pieces.

Inventory:

Hand Weapons
 a - a +0 war axe (weapon)
Armour
 b - a +0 scale mail (worn)
 c - a +0 kite shield (worn)
Jewellery
 p - a +4 ring of protection (left hand)
   (You found it on level 3 of the Dungeon)
Scrolls
 f - a scroll of identify {unknown}
 h - 2 scrolls of teleportation {unknown}
 j - a scroll of immolation {unknown}
 k - 3 scrolls of remove curse {unknown}
 l - a scroll of magic mapping {unknown}
 n - a scroll of enchant armour {unknown}
 o - 2 scrolls of enchant weapon {unknown}
Potions
 d - 2 potions of might
 g - 2 potions of stabbing {unknown}
 i - a potion of curing {unknown}
 m - a potion of haste {unknown}
 r - a potion of flight {unknown}
Comestibles
 e - 7 rations


   Skills:
 * Level 5.2 Fighting
 * Level 5.8 Axes
 + Level 5.0 Armour
 + Level 4.9 Shields


You had 6 spell levels left.
You didn't know any spells.
Your spell library was empty.

Dungeon Overview and Level Annotations

Branches:
Dungeon (4/15)             Temple (1/1) D:4

Altars:
Dithmenos
Elyvilon
Fedhas
Gozag
Hepliaklqana
Kikubaaqudgha
Okawaru
Qazlal
Ru
Trog
Vehumet
Wu Jian
Yredelemnul
Zin

Shops:
D:4 :

Annotations:
D:4 Crazy Yiuf


Innate Abilities, Weirdness & Mutations

You are resistant to damage.
You can heal yourself by infusing magical energy.
You passively map a small area around you.
You do not regenerate.


Message History

You feel much better.
Crazy Yiuf says, "Tonal!
Spliff green high."
Crazy Yiuf hits you with a +4 quarterstaff of chaos!
You have turned to stone.
Crazy Yiuf hits you with a +4 quarterstaff of chaos.
Crazy Yiuf burns you.
Crazy Yiuf hits you with a +4 quarterstaff of chaos!
You feel your power leaking away.
Crazy Yiuf hits you with a +4 quarterstaff of chaos!
* * * LOW HITPOINT WARNING * * *
Crazy Yiuf sings, "Trees, trees, trees, circus!"
Crazy Yiuf hits you with a +4 quarterstaff of chaos!
* * * LOW HITPOINT WARNING * * *
Crazy Yiuf whimpers, "Peeping bush leg!"
Crazy Yiuf hits you with a +4 quarterstaff of chaos.
* * * LOW HITPOINT WARNING * * *
Crazy Yiuf hits you with a +4 quarterstaff of chaos!
* * * LOW HITPOINT WARNING * * *
Crazy Yiuf hits you with a +4 quarterstaff of chaos!!
You die...

##....### #....# #.# #
##....### ##..## #.# ##
#.......# ♣P..P♣ #.#
####( ...#.##.## ♣♣P..♣
#.# ###.... ..#P.P#..#
♣♣.♣♣ #.# #......
.###.###.# ♣♣.♣ #.#
#...... .P#...#P.# ♣.♣♣
#.# ##..... ....>....#
♣♣.♣ #.## #.....
#P#...#P.# ♣@♣♣ #..##
#..... ####.##..# #g#
#...###..... #P.P..##
... #....###....
##...## #...#
#..#..##.... #####
#)..# #..##..#....
##### #..###..#... #
#..##....... ###
############..#...###..
..##
#............#...## ###


You could see Crazy Yiuf (strong).

Vanquished Creatures
  Eustachio (D:4)
  Edmund (D:4)
  2 phantoms (D:4)
  A wyvern skeleton (D:4)
  A crimson imp (D:4)
  A hound (D:4)
  Natasha (thrice) (D:4)
  An orc wizard (D:4)
  3 worker ants (D:4)
  A hound skeleton (D:4)
  5 adders
  An ooze (D:4)
  A worm (D:4)
  6 orcs
  2 giant cockroaches
  3 goblins
  3 hobgoblins
  4 kobolds
  2 quokkas (D:2)
  2 frilled lizards
44 creatures vanquished.

Notes
Turn   | Place    | Note
-------+----------+-------------------------------------------
     0 | D:1      | Flugkiller the Deep Dwarf Fighter began the quest for the
                  | Orb.
     0 | D:1      | Reached XP level 1. HP: 20/20 MP: 1/1
   185 | D:2      | Found a blossoming altar of Fedhas.
   221 | D:2      | Reached XP level 2. HP: 27/27 MP: 2/2
   381 | D:2      | Reached XP level 3. HP: 24/34 MP: 3/3
   720 | D:4      | Reached XP level 4. HP: 29/42 MP: 4/4
   747 | D:4      | Reached XP level 5. HP: 20/50 MP: 5/5
   840 | D:4      | Noticed Natasha
   846 | D:4      | Killed Natasha
   849 | D:4      | Noticed a phantom
   884 | D:4      | Killed a phantom
   884 | D:4      | Reached XP level 6. HP: 27/58 MP: 6/6
   960 | D:4      | Noticed Edmund
   985 | D:4      | Killed Edmund
  1155 | D:4      | Noticed Natasha
  1164 | D:4      | Killed Natasha
  1164 | D:4      | Reached skill level 5 in Axes
  1175 | D:4      | Found Dunuclyss's Book Shop.
  1237 | D:4      | Reached XP level 7. HP: 37/66 MP: 7/7
  1268 | D:4      | Noticed Eustachio
  1318 | D:4      | Killed Eustachio
  1318 | D:4      | Reached skill level 5 in Fighting
  1318 | D:4      | Reached skill level 5 in Armour
  1344 | D:4      | Found a staircase to the Ecumenical Temple.
  1437 | D:4      | Noticed Natasha
  1445 | D:4      | Killed Natasha
  1484 | Temple   | Entered the Ecumenical Temple
  1586 | D:4      | Found a runed translucent door.
  1587 | D:4      | Noticed Crazy Yiuf
  1669 | D:4      | Slain by Crazy Yiuf

Illustrated notes

Levels and vault maps discovered:
D:1:      minmay_arrival_jagged, layout_loops_ring, serial_bayou_pond_b,
          nicolae_ashenzari_panopticon
D:2:      layout_loops_corners, lemuel_blue_sif_altar, fedhas_altar_4
D:3:      layout_basic, first_ration
D:4:      layout_cave_pods, minmay_temple_entry_gardened_gates, serial_shops,
          shop, uniq_natasha, uniq_crazy_yiuf_cottage, uniq_edmund,
          uniq_eustachio
Temple:   eino_temple_lava

Skill      XL: |  1  2  3  4  5  6  7 |
---------------+----------------------+-----
Fighting       | 3 4 5 |  5.2
Axes           | 3 4 5 |  5.8
Armour         | 4 5 |  5.0
Shields        | 4 |  4.9

Action                   |  1- 3 |  4- 6 |  7- 9 || total
-------------------------+-------+-------+-------++-------
Melee: War axe           |    88 |    86 |    60 ||   234
 Abil: Heal Wounds       |     1 |     3 |     1 ||     5
  Eat: Chunk             |       |     1 |     2 ||     3
Armor: Scale mail        |    55 |    45 |    36 ||   136
Dodge: Dodged            |    31 |    27 |    19 ||    77
Block: Kite shield       |    49 |    48 |    44 ||   141
